 Dungeon Crawl Stone Soup version 0.20.1-1-g8b1a95d (webtiles) character file.

536 Liatris the Slasher (level 7, -1/55 HPs)
             Began as a Demonspawn Abyssal Knight on Aug 12, 2017.
             Was a Priest of Lugonu.
             Slain by an ogre
             ... wielding a +0 giant club
              (27 damage)
             ... on level 4 of the Dungeon.
             The game lasted 00:19:43 (4107 turns).

Liatris the Slasher (Demonspawn Abyssal Knight)     Turns: 4107, Time: 00:19:43

Health: -1/55      AC:  6    Str: 15    XL:     7   Next: 4%
Magic:  8/8        EV: 11    Int: 13    God:    Lugonu [***...]
Gold:   159        SH:  0    Dex: 12    Spells: 6/6 levels left

rFire    . . .     SeeInvis .   a - +1 falchion
rCold    . . .     Gourm    .   (no shield)
rNeg     . . .     Faith    .   c - +0 ring mail
rPois    .         Spirit   .   (helmet restricted)
rElec    .         Reflect  .   l - +0 cloak {MR+}
rCorr    .         Harm     .   (no gloves)
MR       +....                  (no boots)
Stlth    +++++.....             d - amulet of magic regeneration
Regen    0.2/turn               e - ring of stealth
MPRegen  0.2/turn               f - ring of stealth

@: no status effects
A: claws 1, horns 1, demonic guardian 1, nightstalker 2
a: Depart the Abyss, Bend Space, Banish, Renounce Religion


You were on level 4 of the Dungeon.
You worshipped Lugonu.
Lugonu was most pleased with you.
You were not hungry.

You visited 1 branch of the dungeon, and saw 4 of its levels.
You visited the Abyss 1 time.

You collected 159 gold pieces.

Inventory:

Hand Weapons
 a - a +1 falchion (weapon)
 k - a +3 quarterstaff of chaos
Armour
 b - a +0 leather armour
 c - a +0 ring mail (worn)
 l - a +0 cloak of magic resistance (worn)
Jewellery
 d - an amulet of magic regeneration (around neck)
 e - a ring of stealth (left claw)
 f - a ring of stealth (right claw)
 g - an uncursed ring of flight
Scrolls
 h - a scroll of amnesia
 i - 2 scrolls of identify
 j - a scroll of blinking {unknown}
Potions
 o - a potion of curing
Comestibles
 m - a meat ration
 n - 2 bread rations
 p - a royal jelly


   Skills:
 + Level 4.3 Fighting
 + Level 4.4 Long Blades
 + Level 3.5 Armour
 + Level 2.1 Dodging
 + Level 2.4 Stealth
 + Level 2.4 Invocations


You had 6 spell levels left.
You didn't know any spells.

Dungeon Overview and Level Annotations

Branches:
Dungeon (4/15)
 Temple: D:4-7

Altars:
Nemelex Xobeh

Shops:
D:4 (


Innate Abilities, Weirdness & Mutations

You have sharp fingernails.
You have a pair of small horns on your head.
A weak demonic guardian rushes to your aid.
You are significantly more attuned to the shadows.


Message History

You have reached level 7!
You start resting.
Your iron imp hits the ogre!
The ogre hits your iron imp with a giant club!!
Your iron imp dies!
The ogre hits you with a giant club.
You hit the ogre.
The ogre is heavily wounded.
The ogre hits you with a giant club!
Your ring mail prevents you from hitting the ogre.
Your headbutt misses the ogre.
The ogre is heavily wounded.
The ogre barely misses you.
You barely miss the ogre.
You headbutt the ogre, but do no damage.
The ogre is heavily wounded.
You slash the ogre! Your headbutt misses the ogre.
The ogre is severely wounded.
The ogre hits you with a giant club!!
You die...

# #.#####...####..#..
#.##...............#.#
.[....................
.....))..............#
..#.#.####...#####..##
# #)# #.........## .
#.# #...######.## ..#
#O# #...# ##.# ....#@#
#...# #.. ......#
##<## #..
#......####.### #..
..####..∩.....# ### #
#.#####..#### ....
#........ #. .##
#....##.# .. .....# .
##....#


You could see an ogre.

Vanquished Creatures
  An ogre (D:4)
  An orc priest (D:4)
  Crazy Yiuf (D:3)
  A bullfrog skeleton (D:4)
  An iguana (D:4)
  4 orc wizards
  2 gnolls (D:3)
  6 adders
  An ooze (D:2)
  An adder skeleton (D:4)
  3 worms
  4 dart slugs
  The ghost of dscm the Digger, a weakling OpEE (D:4)
  2 leopard geckos
  8 orcs
  2 giant cockroaches
  3 goblins
  6 hobgoblins
  3 jackals (D:2)
  2 quokkas (D:4)
  4 ball pythons
  4 bats
  5 frilled lizards
  6 kobolds
  11 rats
83 creatures vanquished.

Vanquished Creatures (collateral kills)
  An ogre (D:4)
  An orc priest (D:3)
  A worker ant (D:4)
  A gnoll (D:3)
  2 orcs
6 creatures vanquished.

Grand Total: 89 creatures vanquished

Notes
Turn   | Place    | Note
-------+----------+-------------------------------------------
     0 | Abyss:1  | Liatris the Demonspawn Abyssal Knight began the quest for the Orb.
     0 | Abyss:1  | Reached XP level 1. HP: 18/18 MP: 2/2
     6 | D:1      | Escaped the Abyss
   227 | D:1      | Reached * piety under Lugonu
   378 | D:1      | Gained mutation: A weak demonic guardian rushes to your aid. [demonic ancestry]
   378 | D:1      | Reached XP level 2. HP: 24/24 MP: 3/3
  1046 | D:2      | Reached skill level 1 in Dodging
  1530 | D:2      | Gained mutation: You have a pair of small horns on your head. [demonic ancestry]
  1530 | D:2      | Reached XP level 3. HP: 26/29 MP: 4/4
  2181 | D:3      | Reached skill level 1 in Stealth
  2285 | D:3      | Gained mutation: You are slightly more attuned to the shadows. [demonic ancestry]
  2285 | D:3      | Reached XP level 4. HP: 23/37 MP: 5/5
  2286 | D:3      | Reached ** piety under Lugonu
  2629 | D:3      | Found a runed door.
  2633 | D:3      | Noticed Crazy Yiuf
  2638 | D:3      | Killed Crazy Yiuf
  2638 | D:3      | Gained mutation: You have sharp fingernails. [demonic ancestry]
  2638 | D:3      | Reached XP level 5. HP: 29/42 MP: 6/6
  2934 | D:3      | Found a sparkling altar of Nemelex Xobeh.
  3278 | D:4      | Found Xuinioxt's Antique Weapon Boutique.
  3307 | D:4      | Gained mutation: You are significantly more attuned to the shadows. [demonic ancestry]
  3307 | D:4      | Reached XP level 6. HP: 42/48 MP: 7/7
  3573 | D:4      | Noticed dscm's ghost (weakling OpEE)
  3586 | D:4      | Killed dscm's ghost
  3586 | D:4      | Reached *** piety under Lugonu
  4085 | D:4      | Reached XP level 7. HP: 39/55 MP: 8/8
  4107 | D:4      | Slain by an ogre

Skill      XL: |  1  2  3  4  5  6 |
---------------+-------------------+-----
Long Blades    | 2 3 4 |  4.4
Dodging        | 1 2 |  2.1
Armour         | 2 3 |  3.5
Stealth        | 1 2 |  2.4
Fighting       | 4 |  4.3
Invocations    | |  2.4

Action                   |  1- 3 |  4- 6 |  7- 9 || total
-------------------------+-------+-------+-------++-------
Melee: Falchion          |   115 |   151 |     4 ||   270
       Headbutt          |     4 |    35 |     1 ||    40
Invok: Depart the Abyss  |     1 |       |       ||     1
  Use: Scroll            |     5 |     3 |       ||     8
       Potion            |     2 |     1 |       ||     3
 Stab: Sleeping          |    11 |     9 |       ||    20
       Distracted        |     1 |     1 |       ||     2
  Eat: Bread ration      |     1 |       |       ||     1
       Meat ration       |       |     1 |       ||     1
       Royal jelly       |       |     1 |       ||     1
Armor: Leather armour    |    11 |       |       ||    11
       Ring mail         |    17 |    42 |       ||    59
Dodge: Dodged            |    48 |    60 |     1 ||   109
       Rpst.: Falchion   |    18 |    26 |       ||    44
